Map: Central Protocol

Players

KarlHungus

  • Race: Terran Terran
  • League: Gold

LilDicky - Winner!

  • Race: Terran Terran
  • League: Platinum

VOD

http://www.twitch.tv/tumescentpie

Description

Time

  • Played on: Nov. 20, 2015, 9:28 p.m.
  • Length: 5:47
Show
View Real Time Build Order
Export as new Build Order

KarlHungus Terran 

Build Orders:  

Get SALT Encoding   

  12  0:00  SCV  
  13  0:13  SCV  
  14  0:18  Supply Depot  
  14  0:25  SCV  
  15  0:29  Refinery  
  15  0:39  SCV  
  16  0:46  Barracks  
  16  0:51  SCV  
  17  1:03  SCV  
  18  1:15  SCV  
  18  1:16  Refinery  
  19  1:21  Supply Depot  
  19  1:28  SCV  
  20  1:33  Reaper  
  21  1:46  Orbital Command  
  21  1:49  Factory  
  21  2:14  SCV  
  22  2:18  Marine  
  23  2:27  SCV  
  24  2:33  Hellion  
  24  2:34  Starport  
  26  3:00  Hellion  
  26  3:01  SCV  
  26  3:02  Marine  
  30  3:09  Command Center  
  30  3:14  SCV  
  30  3:18  Supply Depot  
  31  3:20  Marine  
  31  3:21  Medivac  
  34  3:43  Hellion  
  34  3:44  SCV  
  37  3:57  SCV, Barracks  
  37  4:01  Barracks  
  38  4:02  Engineering Bay  
  38  4:03  Barracks Tech Lab  
  38  4:04  Hellion  
  40  4:20  Viking  
  40  4:22  Orbital Command  
  42  4:33  Marauder  
  44  4:44  Widow Mine  
  46  4:47  Barracks Reactor  
  46  4:55  Marauder  
Show
View Real Time Build Order
Export as new Build Order

LilDicky Terran - Winner!

Build Orders:  

Get SALT Encoding   

  12  0:01  SCV  
  13  0:13  SCV  
  14  0:22  Supply Depot  
  14  0:25  SCV  
  15  0:39  Refinery  
  15  0:44  SCV  
  16  0:56  SCV  
  17  0:58  Barracks  
  17  1:08  SCV  
  18  1:20  SCV  
  19  1:33  SCV  
  20  1:46  Marine  
  21  1:48  Factory  
  21  1:49  Orbital Command  
  21  1:50  Refinery  
  21  2:08  Marine  
  22  2:14  SCV  
  23  2:32  Supply Depot, SCV, Factory Tech Lab  
  23  2:34  Starport, Marine  
  24  2:51  Marine  
  24  2:52  Siege Tank  
  28  3:04  SCV  
  29  3:09  Marine  
  29  3:11  Medivac  
  32  3:20  Supply Depot  
  32  3:27  Marine  
  33  3:39  Siege Tank  
  33  3:40  SCV  
  37  3:45  Marine  
  37  3:47  Medivac  
  40  4:01  Supply Depot  
  40  4:03  Marine  
  41  4:11  Siege Tank  
  44  4:17  Engineering Bay  
  44  4:20  Marine  
  44  4:21  Starport Tech Lab  
  45  4:37  SCV  
  46  4:38  Marine  
  46  4:41  Banshee  
  50  4:50  Missile Turret  
  50  4:52  Supply Depot  
  41  5:30  SCV  
Tags
 
Add a new tag
Caveats
  • Supply blocks, unpowered buildings, or Contaminate may cause inaccurate times.
  • Supply counts are checked every 10 seconds.